Map: King Sejong Station LE

Players

TYTY (TY) - Winner!

  • Race: Terran Terran

Elazer

  • Race: Zerg Zerg

Event: 2016 WCS Global Finals

VOD

Have the link to the VOD?

Description

Time

  • Played on: Oct. 29, 2016, 2:16 p.m.
  • Length: 5:04

All games in this series

Show
View Real Time Build Order
Export as new Build Order

TYTY Terran - Winner!

Build Orders:  

Get SALT Encoding   

  12  0:00  SCV  
  13  0:12  SCV  
  14  0:17  Supply Depot  
  14  0:24  SCV  
  14  0:28  Refinery  
  15  0:39  SCV  
  16  0:45  Barracks  
  16  0:51  SCV  
  17  1:03  SCV  
  18  1:15  SCV  
  19  1:31  Orbital Command  
  19  1:32  Barracks Reactor  
  19  1:43  Command Center  
  19  1:53  Factory  
  19  1:58  SCV  
  20  2:04  Supply Depot  
  20  2:09  Marine  
  20  2:10  Marine  
  20  2:13  SCV  
  23  2:26  SCV  
  23  2:27  Marine  
  23  2:28  Marine  
  26  2:33  Refinery  
  26  2:38  Starport, SCV  
  26  2:43  Factory Reactor  
  27  2:46  Marine x2  
  27  2:51  SCV  
  30  2:57  Orbital Command  
  30  3:03  SCV  
  30  3:04  Marine  
  32  3:06  Marine  
  33  3:15  SCV  
  34  3:23  Marine  
  34  3:24  Marine  
  36  3:27  Medivac x2  
  36  3:29  SCV  
  36  3:31  Widow Mine  
  43  3:35  Supply Depot  
  43  3:39  SCV  
  44  3:42  Marine x2  
  46  3:52  SCV  
  46  4:00  Marine  
  40  4:07  SCV  
  41  4:14  Hellion x2, Starport Tech Lab  
  45  4:19  Marine x2  
  45  4:21  Supply Depot  
  45  4:24  SCV  
  46  4:33  Supply Depot  
  46  4:38  Supply Depot  
  46  4:42  Marine  
Show
View Real Time Build Order
Export as new Build Order

Elazer Zerg 

Build Orders: Pool First 

Get SALT Encoding   

  12  0:00  Drone  
  13  0:12  Overlord  
  13  0:17  Drone  
  14  0:30  Drone x2  
  14  0:34  Drone  
  17  0:43  Extractor  
  17  0:44  Drone  
  17  0:49  Spawning Pool  
  16  0:55  Drone  
  17  1:06  Drone  
  18  1:19  Hatchery  
  18  1:21  Drone  
  18  1:35  Queen  
  18  1:36  Zergling x2  
  21  1:42  Metabolic Boost  
  21  1:47  Drone  
  22  1:59  Drone, Roach Warren  
  22  2:07  Overlord  
  22  2:24  Overlord  
  22  2:34  Zergling x4  
  24  2:41  Roach  
  26  2:48  Roach x4  
  33  2:54  Roach x2  
  37  3:03  Overlord  
  37  3:06  Roach  
  40  3:12  Zergling x2  
  40  3:15  Zergling x2  
  41  3:20  Zergling x4  
  41  3:23  Zergling x2  
  41  3:26  Zergling x2  
  45  3:28  Zergling x2  
  45  3:32  Zergling x2  
  47  3:40  Zergling x2  
  48  3:44  Ravager  
  48  3:45  Zergling x2  
  50  3:49  Zergling x2  
  51  4:00  Zergling x2  
  51  4:01  Zergling x6  
  50  4:06  Zergling x2  
  45  4:21  Ravager  
  45  4:29  Zergling x4  
  45  4:30  Zergling x2  
  40  4:33  Drone  
  40  4:35  Ravager x2  
  40  4:36  Zergling x4  
  40  4:37  Zergling x2  
  48  4:40  Drone  
  48  4:42  Drone  
Tags
 
Add a new tag
Caveats
  • Supply blocks, unpowered buildings, or Contaminate may cause inaccurate times.
  • Supply counts are checked every 10 seconds.